 Dungeon Crawl Stone Soup version 0.30-a0-881-g1ff12e1e11 (webtiles) character file.

Game seed: 12807978971746121858

44 cheesebisquit the Firebug (level 3, -2/26 HPs)
             Began as a Draconian Fire Elementalist on Mar 15, 2023.
             Slain by a gnoll
             ... wielding a +0 club
              (5 damage)
             ... on level 2 of the Dungeon.
             The game lasted 00:10:20 (1770 turns).

cheesebisquit the Firebug (DrFE)                    Turns: 1770, Time: 00:10:21

Health: -2/26      AC:  6    Str: 10    XL:     3   Next: 41%
Magic:  0/6        EV: 12    Int: 17    God:
Gold:   130        SH:  0    Dex: 11    Spells: 1/7 levels left

rFire   . . .      SeeInvis .    f - +0 club
rCold   . . .      Faith    .    (no shield)
rNeg    . . .      Spirit   .    (body armour unavailable)
rPois   .          Reflect  .    (helmet restricted)
rElec   .          Rampage  .    b - +0 cloak
rCorr   .                        (no gloves)
Will    .....                    (no boots)
Stlth   ++                       (no amulet)
HPRegen 0.24/turn                (no ring)
MPRegen 0.10/turn                (no ring)

@: no status effects
A: AC +5, unfitting armour, cold-blooded
a: no special abilities


You were on level 2 of the Dungeon.
You visited 1 branch of the dungeon, and saw 3 of its levels.

You collected 130 gold pieces.

Inventory:

Hand Weapons
 f - a +0 club (weapon)
 j - a +0 short sword
 k - a +0 battleaxe
Armour
 b - a +0 cloak (worn)
Scrolls
 c - 2 scrolls of enchant armour {unknown}
 d - 3 scrolls of identify {unknown}
 e - a scroll of amnesia {unknown}
 i - 2 scrolls of summoning {unknown}
 m - a scroll of enchant weapon {unknown}
Potions
 a - a potion of magic
 g - 2 potions of ambrosia {unknown}
 h - 3 potions of brilliance {unknown}
 l - 2 potions of berserk rage {unknown}
 n - a potion of lignification {unknown}
 o - a potion of heal wounds {unknown}


   Skills:
 - Level 1.7 Dodging
 - Level 1.7 Stealth
 + Level 2.5 Spellcasting
 - Level 1.0 Conjurations
 * Level 4.1 Fire Magic


You had one spell level left.
You knew the following spells:

 Your Spells              Type           Power      Damage    Failure   Level
a - Foxfire               Conj/Fire      40%        2x1d6     6%          1
c - Inner Flame           Hex/Fire       9%         N/A       24%         3
z - Scorch                Fire           32%        2d6       4%          2

Your spell library contained the following spells:

 Spells                   Type           Power      Damage    Failure   Level
 Apportation              Tloc           4%         N/A       19%         1
 Sting                    Tmut/Pois      8%         1d3       19%         1
 Lesser Beckoning         Tloc           4%         N/A       28%         2
 Poisonous Vapours        Pois/Air       4%         N/A       28%         2
 Kindle Blastsparks       Fire/Tloc/Air  12%        2d11      30%         3
 Gell's Gravitas          Tloc           2%         N/A       50%         3
 Teleport Other           Tloc           2%         N/A       50%         3
 Flame Wave               Conj/Fire      10%        2d6       54%         4
 Olgreb's Toxic Radiance  Pois           2%         N/A       88%         4
 Alistair's Intoxication  Tmut/Pois      1%         N/A       99%         5


Dungeon Overview and Level Annotations

Branches:
Dungeon (3/15)

Altars:

Shops:
D:1 (


Innate Abilities, Weirdness & Mutations

Your plain brown scales are hard. (AC +5)
You cannot fit into any form of body armour.
You are cold-blooded and may be slowed by cold attacks.


Message History

You hit the gnoll but do no damage.
You tail-slap the gnoll, but do no damage.
The gnoll is lightly wounded.
The gnoll hits you with a +0 club.
You are too injured to fight recklessly!
Casting: Scorch (safe; 4% risk of failure)
Confirm with . or Enter, or press ? or * to list all spells.
You don't have enough magic to cast this spell.
Casting: Foxfire (safe; 6% risk of failure)
Press: ? - help, Q - select action, (/) - cycle Dir - look around, f - activate
Okay, then.
Casting: Foxfire (safe; 6% risk of failure)
Press: ? - help, Q - select action, (/) - cycle Dir - look around, f - activate You conjure some foxfire!
The gnoll hits you but does no damage.
You hit the gnoll.
Your tail-slap misses the gnoll.
The gnoll is lightly wounded.
The foxfire hits the gnoll.
The gnoll is moderately wounded.
The foxfire hits the gnoll.
The gnoll is heavily wounded.
The gnoll closely misses you.
Your magical contamination has completely faded away.
You hit the gnoll.
Your tail-slap misses the gnoll.
The gnoll is severely wounded.
The gnoll hits you but does no damage. The gnoll hits you with a +0 club.
You closely miss the gnoll.
You tail-slap the gnoll, but do no damage.
The gnoll is severely wounded.
The gnoll misses you.
You closely miss the gnoll.
The gnoll is severely wounded.
The gnoll hits you with a +0 club.
* * * LOW HITPOINT WARNING * * *
You closely miss the gnoll.
The gnoll is severely wounded.
The gnoll hits you with a +0 club.
* * * LOW HITPOINT WARNING * * *
The gnoll hits you with a +0 club.
You die...

......~...>...#...###.#.†≈..#.#
................### #.'.≈♣≈.'.#
.##...#..###.#### ###..≈..###
....#...####..# #.....#
#.###.#....##.# ###'###
..##..#....##.## ##.#
.....##....##..# ######..#
....###....###.####......##
###...#.#.#....g@<.>.#####
###.#.#.#......)####
####........###.###
.....#...[....#..#
######..#####....######
.......## ##........#
######.### #........# # #...###
#.<......# #.#...###........#


You could see a gnoll.

Vanquished Creatures
  3 dart slugs (D:2)
  5 bats
  4 endoplasms
  2 giant cockroaches (D:2)
  6 goblins
  2 hobgoblins
  2 kobolds (D:2)
  3 quokkas
  A ball python (D:1)
  A frilled lizard (D:1)
  4 rats
33 creatures vanquished.

Vanquished Creatures (others)
  83 foxfires
83 creatures vanquished.

Grand Total: 116 creatures vanquished

Notes
Turn   | Place    | Note
-------+----------+-------------------------------------------
     0 | D:1      | cheesebisquit the Draconian Fire Elementalist began the
                  | quest for the Orb.
     0 | D:1      | Reached XP level 1. HP: 14/14 MP: 3/3
    69 | D:1      | Found Iroleuf's Antique Weapon Shoppe.
   207 | D:1      | Reached XP level 2. HP: 20/20 MP: 1/5
  1127 | D:2      | Reached XP level 3. HP: 25/26 MP: 1/6
  1347 | D:2      | Reached skill level 4 in Fire Magic
  1352 | D:2      | Learned a level 2 spell: Scorch
  1356 | D:2      | Learned a level 3 spell: Inner Flame
  1770 | D:2      | Slain by a gnoll

Illustrated notes

Levels and vault maps discovered:
D:1:      minmay_arrival_open_corners, layout_basic, serial_shops,
          nicolae_shop_crystal
D:2:      layout_rooms, dk_vineyard_3, kennysheep_generic_room_13
D:3:      layout_rooms

Skill      XL: |  1  2  3 |
---------------+----------+-----
Fire Magic     | 4 |  4.1
Dodging        | |  1.7
Stealth        | |  1.7
Spellcasting   | |  2.5
Conjurations   | |  1.0

Action                     || total
---------------------------++-------
  Melee: Unarmed           ||    11
         Tailslap          ||     6
         Club              ||    15
   Cast: Foxfire           ||    47
         Scorch            ||     4
 Armour: Skin              ||    10
  Dodge: Dodged            ||    26

Table legend: (Time is in decaauts)
 A = Elapsed time spent in this place.
 B = Non-inter-level travel time spent in this place.
 C = Inter-level travel time spent in this place.
 D = Time resting spent in this place.
 E = Time spent auto-exploring this place.
 F = Levels seen in this place.
 G = Mean time per level.
                   A        B        C        D        E       F      G
               +--------+--------+--------+--------+--------+-----+--------+
         Total |   1776 |   1662 |    114 |      0 |   1379 |   3 |  592.0 |
       Dungeon |   1776 |   1662 |    114 |      0 |   1379 |   3 |  592.0 |
               +--------+--------+--------+--------+--------+-----+--------+

Top non-repeatable levels by time:
     D:1: 927 daAuts
     D:2: 842 daAuts
     D:3: 6 daAuts
